 Dungeon Crawl Stone Soup version 0.32-a0-913-g739538afd8 (webtiles) character file.

Game seed: 7248879986860906803

44 Autsider the Sneak (level 3, -1/27 HPs)
             Began as an Octopode Brigand on Apr 8, 2024.
             Slain by a goblin
             ... wielding a +0 dagger
             ... led by Robin
              (6 damage)
             ... on level 2 of the Dungeon.
             The game lasted 00:02:43 (681 turns).

Autsider the Sneak (Octopode Brigand)                Turns: 681, Time: 00:02:44

Health: -1/27      AC:  1    Str: 10    XL:     3   Next: 62%
Magic:  3/3        EV: 12    Int: 13    God:
Gold:   31         SH:  0    Dex: 15    Spells: 2/2 levels left

rFire   . . .        a - +2 dagger
rCold   . . .        (no shield)
rNeg    . . .        (helmet restricted)
rPois   .            (no amulet)
rElec   .            (no ring)
rCorr   .            (no ring)
SInv    .            (no ring)
Will    .....        (no ring)
Stlth   ++++         (no ring)
HPRegen 0.24/turn    (no ring)
MPRegen 0.08/turn    (no ring)
                     (no ring)

%: no passive effects
@: no status effects
A: almost no armour, amphibious, 8 rings, camouflage 1, gelatinous body 1,
(nimble swimmer 1), tentacles
a: no special abilities


You were on level 2 of the Dungeon.
You visited 1 branch of the dungeon, and saw 2 of its levels.

You collected 31 gold pieces.

Inventory:

Hand Weapons
 a - a +2 dagger (weapon)
Missiles
 b - 9 poisoned darts (quivered)
 c - 3 curare-tipped darts
Scrolls
 e - a scroll of amnesia {unknown}
Potions
 d - a potion of curing {unknown}


   Skills:
 + Level 3.9 Fighting
 - Level 2.0 Short Blades
 - Level 2.0 Throwing
 - Level 1.0 Dodging
 - Level 5.3 Stealth


You had 2 spell levels left.
You didn't know any spells.
Your spell library was empty.

Dungeon Overview and Level Annotations

Branches:
Dungeon (2/15)

Altars:
Okawaru

Annotations:
D:1 exclusion: downstairs
D:2 Robin, Sigmund


Innate Abilities, Weirdness & Mutations

You cannot wear most types of armour.
You are amphibious.
You can wear up to eight rings at the same time.
Your skin changes colour to match your surroundings (Stealth+).
Your rubbery body absorbs attacks. (AC +1, EV +1)
((You are camouflaged when in or above water. (Stealth+)))
You have tentacles for arms and can constrict up to eight enemies at once.


Message History

You constrict the hobgoblin.
You kill the hobgoblin!
You hear a shout!
You hit the giant cockroach but do no damage.
You grab the giant cockroach. You constrict the giant cockroach.
The giant cockroach closely misses you.
You hit the giant cockroach.
The giant cockroach is almost dead.
You constrict the giant cockroach.
You kill the giant cockroach!
The kobold throws a stone.
The stone closely misses you.
The goblin unwields a +0 club.
The goblin wields a +0 sling.
The goblin shoots a sling bullet.
The sling bullet hits you. The kobold closely misses you.
The goblin unwields a +0 sling.
The goblin wields a +0 club.
The goblin hits you with a +0 club.
* * * LOW HITPOINT WARNING * * *
The kobold attacks as it pursues you! The kobold barely misses you.
You barely miss the kobold. You grab the kobold. You squeeze the kobold.
The kobold is severely wounded.
You constrict the kobold.
You kill the kobold!
You barely miss the goblin. You grab the goblin. You squeeze the goblin.
You kill the goblin!
You hit the goblin but do no damage. Your grab misses the goblin.
The goblin hits you with a +0 club.
* * * LOW HITPOINT WARNING * * *
A hobgoblin comes into view.
You hit the goblin. You grab the goblin.
The goblin is almost dead.
You constrict the goblin.
You kill the goblin!
You closely miss the hobgoblin.
The goblin shouts!
Your grab misses the hobgoblin. Robin throws the goblin at you!
* * * LOW HITPOINT WARNING * * *
The hobgoblin barely misses you.
You hit the goblin. Your grab misses the goblin.
The goblin is heavily wounded.
The goblin hits you with a +0 dagger.
You die...

).....# ......# .....#
.... ######.## g...#..##
#### ###gg#..##.....
########.gg..!)<..#
#...g@gg.##.##.†......
....#########.##...g....
. #...........
####........ #....g...
#........ #........


You could see Robin, 3 hobgoblins and 3 goblins.

Vanquished Creatures
  A gnoll (D:1)
  2 ball pythons
  3 giant cockroaches
  9 goblins
  3 hobgoblins
  4 jackals (D:1)
  2 kobolds
  2 quokkas
  2 frilled lizards (D:1)
  3 rats
31 creatures vanquished.

Notes
Turn   | Place    | Note
-------+----------+-------------------------------------------
     0 | D:1      | Autsider the Octopode Brigand began the quest for the Orb.
     0 | D:1      | Reached XP level 1. HP: 14/14 MP: 1/1
   104 | D:1      | Reached XP level 2. HP: 20/20 MP: 2/2
   390 | D:1      | Reached XP level 3. HP: 26/26 MP: 3/3
   519 | D:2      | Found an iron altar of Okawaru.
   547 | D:2      | Noticed Sigmund
   654 | D:2      | Noticed Robin
   681 | D:2      | Slain by a goblin

Illustrated notes

Levels and vault maps discovered:
D:1:      heliophobic_arrival_ceremonial_halls, layout_rooms
D:2:      layout_rooms, basic_altar, kennysheep_generic_room_8, uniq_sigmund,
          uniq_robin

Skill      XL: |  1  2 |
---------------+-------+-----
Fighting       | 3 |  3.9
Short Blades   | |  2.0
Throwing       | |  2.0
Dodging        | |  1.0
Stealth        | |  5.3

Action                     || total
---------------------------++-------
  Melee: Dagger            ||    52
         Constrict         ||    17
         Tentacles         ||     9
   Stab: Sleeping          ||     7
 Armour: Skin              ||    36
  Dodge: Dodged            ||    23

Table legend: (Time is in decaauts)
 A = Elapsed time spent in this place.
 B = Non-inter-level travel time spent in this place.
 C = Inter-level travel time spent in this place.
 D = Time resting spent in this place.
 E = Time spent auto-exploring this place.
 F = Levels seen in this place.
 G = Mean time per level.
                   A        B        C        D        E       F      G
               +--------+--------+--------+--------+--------+-----+--------+
         Total |    675 |    630 |     45 |    112 |    335 |   2 |  337.5 |
       Dungeon |    675 |    630 |     45 |    112 |    335 |   2 |  337.5 |
               +--------+--------+--------+--------+--------+-----+--------+

Top non-repeatable levels by time:
     D:1: 600 daAuts
     D:2: 75 daAuts
